 Dungeon Crawl Stone Soup version 0.21.0-22-g11d5b5247c (webtiles) character file.

53 DildoBatman the Vexing (level 4, 0/35 HPs)
             Began as a Formicid Enchanter on Jan 19, 2018.
             Slain by an adder (1 damage)
             ... on level 2 of the Dungeon.
             The game lasted 00:06:56 (1921 turns).

DildoBatman the Vexing (Formicid Enchanter)         Turns: 1921, Time: 00:06:57

Health: 0/35       AC:  3    Str: 13    XL:     4   Next: 10%
Magic:  1/7        EV: 16    Int: 20    God:
Gold:   75         SH:  0    Dex: 16    Spells: 3/7 levels left

rFire    . . .     SeeInvis +   a - +1 dagger
rCold    . . .     Gourm    .   (no shield)
rNeg     . . .     Faith    .   g - -2 ring mail (curse)
rPois    .         Spirit   .   (helmet unavailable)
rElec    .         Reflect  .   (no cloak)
rCorr    .         Harm     +   (no gloves)
MR       .....                  (no boots)
Stlth    +++.......             q - amulet of harm
HPRegen  0.11/turn              (no ring)
MPRegen  0.10/turn              (no ring)

@: brilliant, agile, very slightly contaminated
A: permanent stasis, dig shafts and tunnels, four strong arms, antennae 3
a: Dig, Shaft Self


You were on level 2 of the Dungeon.
You were not hungry.

You visited 1 branch of the dungeon, and saw 2 of its levels.

You collected 75 gold pieces.

Inventory:

Hand Weapons
 a - a +1 dagger (weapon)
Armour
 b - a +0 robe
 g - a cursed -2 ring mail (worn)
 n - a +0 ring mail
Jewellery
 l - an uncursed amulet of faith
 q - an amulet of harm (around neck)
Scrolls
 e - a scroll of teleportation {unknown}
 f - a scroll of random uselessness {unknown}
 i - 2 scrolls of magic mapping
 j - a scroll of amnesia {unknown}
 m - a scroll of noise {unknown}
 p - 2 scrolls of fog
 r - a scroll of enchant weapon {unknown}
 z - a scroll of identify
Potions
 o - a potion of mutation {unknown}
Books
 c - a book of Maledictions

   Spells                             Type                      Level
   a - Corona                         Hexes                        1
   b - Ensorcelled Hibernation        Hexes/Ice                    2
   c - Confuse                        Hexes                        3
   d - Tukima's Dance                 Hexes                        3
   e - Dazzling Spray                 Conjuration/Hexes            3
Comestibles
 d - 2 rations


   Skills:
 - Level 3.3 Fighting
 - Level 1.0 Short Blades
 - Level 1.7 Dodging
 * Level 3.7 Stealth
 - Level 2.1 Spellcasting
 * Level 3.9 Hexes


You had 3 spell levels left.
You knew the following spells:

 Your Spells              Type           Power        Failure   Level  Hunger
a - Corona                Hex            ####...      1%          1    #......
b - Confuse               Hex            ####....     2%          3    ###....


Dungeon Overview and Level Annotations

Branches:
Dungeon (2/15)

Altars:


Innate Abilities, Weirdness & Mutations

You cannot be hasted, slowed, berserked, paralysed or teleported.
You can dig through walls and to a lower floor.
Your four strong arms can wield two-handed weapons with a shield.
You have a pair of large antennae on your head. (SInv)


Message History

Confirm with . or Enter, or press ? or * to list all spells.
Aiming: Confuse
Press: ? - help, Shift-Dir - straight line, f - adder
Aim: an adder (chance to defeat MR: 52%)
You miscast Confuse.
You are very lightly contaminated with residual magic.
You hear an indistinct dissonance whispering inside your mind.
The adder barely misses you.
Okay, then.
You remove your amulet of faith.
The adder bites you.
q - an amulet of harm (around neck) It was a potion of brilliance.
You feel clever all of a sudden. The adder closely misses you.
The adder bites you.
It was a potion of agility.
You feel agile all of a sudden. The adder bites you.
You die...

#.# #......#..)...## #.#
#.##.#...###...######
#.####.##.##.............#
... ...(#.##.####...####{#
#.# ##..#.##.# ##.## #.#
#.###...#.##.# #.S# #.#
............# #.## #.#
####.).#.##.####.######.#
#...<..<.(#@S...........#
.............######.########
####.......>.# #.#
####...##.######.#
................#
#.#...##.######## #.######.#
# #.# #.#


You could see an adder.

Vanquished Creatures
  An ooze (D:1)
  4 dart slugs (D:1)
  An orc (D:2)
  2 giant cockroaches (D:1)
  4 goblins
  3 hobgoblins
  6 jackals (D:1)
  3 bats
  2 frilled lizards
  7 kobolds
  4 rats (D:1)
37 creatures vanquished.

Notes
Turn   | Place    | Note
-------+----------+-------------------------------------------
     0 | D:1      | DildoBatman the Formicid Enchanter began the quest for the Orb.
     0 | D:1      | Reached XP level 1. HP: 13/13 MP: 3/3
   102 | D:1      | Reached skill level 1 in Fighting
   127 | D:1      | Reached XP level 2. HP: 15/21 MP: 3/5
   396 | D:1      | Reached XP level 3. HP: 15/28 MP: 4/6
   409 | D:1      | Learned a level 3 spell: Confuse
  1598 | D:2      | Reached XP level 4. HP: 28/35 MP: 1/7
  1920 | D:2      | HP: 1/35 [adder (4)]
  1921 | D:2      | Slain by an adder

Skill      XL: |  1  2  3 |
---------------+----------+-----
Fighting       | 1 2 3 |  3.3
Short Blades   | |  1.0
Dodging        | |  1.7
Stealth        | |  3.7
Spellcasting   | |  2.1
Hexes          | |  3.9

Action                   |  1- 3 |  4- 6 || total
-------------------------+-------+-------++-------
Melee: Dagger            |   173 |    44 ||   217
 Cast: Corona            |    28 |     6 ||    34
       Confuse           |       |     3 ||     3
 Abil: Dig               |     2 |     2 ||     4
  Use: Scroll            |     2 |       ||     2
       Potion            |       |     2 ||     2
 Stab: Confused          |       |     1 ||     1
  Eat: Chunk             |     2 |       ||     2
       Ration            |       |     1 ||     1
Armor: Robe              |     5 |       ||     5
       Ring mail         |    42 |     1 ||    43
Dodge: Dodged            |    91 |    13 ||   104
